 Dungeon Crawl Stone Soup version 0.19-a0-1204-g250f30a (webtiles) character file.

212 GordonOverkill the Cleaver (level 5, -1/67 HPs)
             Began as a Hill Orc Monk on Aug 21, 2016.
             Slain by an iguana (7 damage)
             ... on level 5 of the Dungeon.
             The game lasted 00:12:05 (4068 turns).

GordonOverkill the Cleaver (Hill Orc Monk)          Turns: 4068, Time: 00:12:06

Health: -1/67      AC: 22    Str: 15    XL:     5   Next: 89%
Magic:  5/5        EV:  2    Int: 10    God:
Gold:   196        SH:  0    Dex: 18    Spells: 0 memorised, 4 levels left

rFire  . . .     SeeInvis .     w - -1 hand axe (curse)
rCold  . . .     Gourm    .     (armour currently unavailable)
rNeg   + + +     Faith    .     (no shield)
rPois  +         Spirit   .     (helmet currently unavailable)
rElec  .         Dismiss  .     (cloak currently unavailable)
rCorr  .         Reflect  .     (gloves currently unavailable)
MR     .....     Harm     .     (boots currently unavailable)
Stlth  +++....... NoTele   +    (no amulet)
                                (no ring)
                                (no ring)

@: agile, tree-form
A: no striking features
a: no special abilities


You were on level 5 of the Dungeon.
You were not hungry.
You were a tree.
You visited 1 branch of the dungeon, and saw 6 of its levels.

You collected 196 gold pieces.

Inventory:

Hand Weapons
 a - a +1 hand axe
 u - the +5 dagger "Ibre Ipn" {elec, Stlth+, unknown}
   (You found it on level 5 of the Dungeon)

   Occasionally, upon striking a foe, it will discharge some electrical energy
   and cause terrible harm.
   It makes you more stealthy.
 w - a cursed -1 hand axe (weapon)
 x - a +0 mace of crushing
Missiles
 v - a tomahawk (quivered)
Armour
 e - a +1 cloak (melded)
 f - a +0 plate armour (melded)
 k - a +0 buckler
 l - a +0 shield
 r - a +1 pair of boots (melded)
Scrolls
 m - a scroll of enchant weapon
 s - a scroll of teleportation
Potions
 h - 3 potions of curing
 n - a potion of cancellation {unknown}
 o - a potion of heal wounds {unknown}
 z - a potion of might {unknown}
Comestibles
 b - a meat ration
 c - 4 bread rations
 d - a slice of pizza
 p - 2 royal jellies
 q - a beef jerky


   Skills:
 - Level 3.6 Fighting
 + Level 8.4 Axes
 - Level 2.4 Dodging
 - Level 1.5 Stealth


You had 4 spell levels left.
You didn't know any spells.

Dungeon Overview and Level Annotations

Branches:
Dungeon (6/15)             Temple (0/1) D:4

Altars:
Ashenzari
Cheibriados
Dithmenos
Uskayaw

Shops:
D:4 [

Annotations:
D:3 Terence
D:4 Dowan, Duvessa


Message History

The iguana bites you but does no damage.
You hit the iguana but do no damage.
The iguana is severely wounded.
The iguana bites you but does no damage.
You completely miss the iguana.
The iguana is severely wounded.
The iguana bites you.
* * * LOW HITPOINT WARNING * * *
You hit the iguana.
The iguana is severely wounded.
The iguana bites you but does no damage.
You barely miss the iguana.
The iguana is severely wounded.
The iguana barely misses you.
You hit the iguana but do no damage.
The iguana is severely wounded.
You barely miss the iguana.
The iguana is severely wounded.
The iguana bites you!
You die...

..........#...#.....#
.....###'###'##.....#
.....#...#....#.....#
.....#...#....'.....#
.....+...#....#.....#
.....#...#....#.....###+#####
.....#...######.............#
########## #..<..........# #
#.♣...........# #
+.l...........# #
#........(....# #
####+#..........<..# #
........<...........# #
.......#####........# .
.....:. #........# .......
#........# ....... #........#


You could see an iguana.

Vanquished Creatures
  A giant frog zombie (D:5)
  A hound (D:5)
  2 orc wizards
  2 adders
  A shadow imp (D:5)
  A worm (D:2)
  4 dart slugs (D:3)
  2 giant geckos
  10 orcs
  A giant cockroach (D:1)
  A goblin (D:1)
  5 hobgoblins
  A quokka (D:3)
  A ball python (D:2)
  2 bats (D:1)
  3 giant newts
  7 kobolds
  8 rats
53 creatures vanquished.

Notes
Turn   | Place    | Note
-------+----------+-------------------------------------------
     0 | D:1      | GordonOverkill the Hill Orc Monk began the quest for the Orb.
     0 | D:1      | Reached XP level 1. HP: 19/19 MP: 1/1
   252 | D:1      | Reached XP level 2. HP: 24/26 MP: 2/2
   449 | D:1      | Reached skill level 5 in Axes
   833 | D:2      | Found a hide-covered altar of Uskayaw.
  1105 | D:2      | Found a shattered altar of Ashenzari.
  1388 | D:2      | Reached XP level 3. HP: 20/31 MP: 3/3
  1736 | D:3      | Reached skill level 6 in Axes
  1736 | D:3      | Reached XP level 4. HP: 39/39 MP: 4/4
  2231 | D:3      | Found a snail-covered altar of Cheibriados.
  2332 | D:3      | Noticed Terence
  2723 | D:4      | Noticed Duvessa
  2723 | D:4      | Noticed Dowan
  2744 | D:4      | Found Igrufy's Antique Armour Shop.
  2757 | D:4      | Found a staircase to the Ecumenical Temple.
  2865 | D:3      | You fall through a shaft for 3 floors!
  2947 | D:5      | Entered Level 5 of the Dungeon
  2968 | D:5      | Reached skill level 7 in Axes
  2968 | D:5      | Reached XP level 5. HP: 35/45 MP: 5/5
  3253 | D:5      | Found a shadowy altar of Dithmenos.
  3396 | D:5      | Got a smoking dagger
  3529 | D:4      | Reached skill level 8 in Axes
  4068 | D:5      | Slain by an iguana

Vault maps used:
D:1:      lemuel_arrival_cross, minmay_misc_feat_rows, columned_hall_lemuel,
          hangedman_decor_growths
D:2:      nicolae_ashenzari_panopticon, eat_drink_and_be_merry_uskayaw,
          first_bread
D:3:      marbit_many_paths, kennysheep_slug_shrine, uniq_terence
D:4:      serial_shops, nicolae_shop_trees,
          nicolae_shop_temple_entry_statues_fountains, nicolae_shop_crystal,
          shop, gup_sewer_entry_spiral, uniq_duvessa
D:5:      nicolae_dithmenos_the_darkroom
D:6:      grunt_temple_overflow_growth_and_decay

Skill      XL: |  1  2  3  4  5 |
---------------+----------------+-----
Axes           | 5 6 7 8 |  8.4
Fighting       | |  3.6
Dodging        | |  2.4
Stealth        | |  1.5

Action                   |  1- 3 |  4- 6 || total
-------------------------+-------+-------++-------
Melee: Hand axe          |   115 |   192 ||   307
Throw: Tomahawk          |       |     2 ||     2
  Use: Scroll            |       |     9 ||     9
       Potion            |       |     4 ||     4
 Stab: Sleeping          |     1 |       ||     1
  Eat: Chunk             |     1 |     4 ||     5
       Meat ration       |       |     1 ||     1
Armor: Plate armour      |    81 |   118 ||   199
       Robe              |     1 |       ||     1
       Skin              |       |     7 ||     7
Dodge: Dodged            |    23 |    34 ||    57
